 Dungeon Crawl Stone Soup version 0.27.0-1-g7a089689b8 (webtiles) character file.

Game seed: 14140964577873869849

67 Sobieck the Grasshopper (level 3, -2/16 HPs)
             Began as a Felid Warper on Aug 10, 2021.
             Slain by a hobgoblin (13 damage)
             ... on level 2 of the Dungeon.
             The game lasted 00:04:41 (2123 turns).

Sobieck the Grasshopper (Felid Warper)              Turns: 2123, Time: 00:04:42

Health: -2/16      AC:  1    Str:  8    XL:     3   Next: 98%
Magic:  7/7        EV: 21    Int: 14    God:
Gold:   57         SH:  5    Dex: 15    Spells: 2/7 levels left
                                        Lives:  0   Deaths: 0

rFire    . . .     SeeInvis +     - Unarmed
rCold    . . .     Faith    .   (shield unavailable)
rNeg     . . .     Spirit   .   (armour unavailable)
rPois    .         Reflect  +   (helmet unavailable)
rElec    .         Harm     .   (cloak unavailable)
rCorr    .         Rampage  .   (gloves unavailable)
Will     .....                  (boots unavailable)
Stlth    +.........             d - amulet of reflection
HPRegen  0.05/turn              c - +4 ring of evasion
MPRegen  0.10/turn              (no ring)

@: quick
A: very small, claws 1, fangs 3, see invisible, speed 1, shaggy fur 1, stealthy
paws, no weapons or thrown items, no armour, multi-lived
a: no special abilities


You were on level 2 of the Dungeon.
You visited 1 branch of the dungeon, and saw 3 of its levels.

You collected 57 gold pieces.


Innate Abilities, Weirdness & Mutations

You have sharp claws.
You have razor-sharp teeth.
You have supernaturally acute eyesight. (SInv)
You cover ground quickly. (Speed+)
You are covered in fur. (AC +1)
Your paws help you pounce on unaware monsters.
You are incapable of wielding weapons or throwing items.
You cannot wear armour.
You gain extra lives every three experience levels.


   Skills:
 + Level 2.7 Fighting
 - Level 3.2 Dodging
 + Level 2.7 Unarmed Combat
 + Level 2.6 Spellcasting
 + Level 5.2 Translocations


You had 2 spell levels left.
You knew the following spells:

 Your Spells              Type           Power      Damage    Failure   Level
a - Blink                 Tloc           N/A        N/A       4%          2
b - Gell's Gravitas       Tloc           8%         N/A       8%          3

Your spell library contained the following spells:

 Spells                   Type           Power      Damage    Failure   Level
 Apportation              Tloc           32%        N/A       2%          1
 Animate Skeleton         Necr           2%         N/A       22%         1
 Corona                   Hex            1%         N/A       22%         1
 Summon Small Mammal      Summ           4%         N/A       22%         1
 Lesser Beckoning         Tloc           8%         N/A       8%          3
 Teleport Other           Tloc           16%        N/A       8%          3
 Manifold Assault         Tloc           16%        N/A       58%         5

Inventory:

Jewellery
 c - a +4 ring of evasion (left paw)
   (You found it on level 1 of the Dungeon)
 d - an amulet of reflection (around neck)
   (You found it on level 2 of the Dungeon)
Scrolls
 a - a scroll of blinking {!r}
Potions
 b - a potion of attraction {unknown}
 e - a potion of might {unknown}
 f - a potion of haste {unknown}

Dungeon Overview and Level Annotations

Branches:
Dungeon (3/15)

Altars:

#.# #.###.#...#...#.######
#.# #.###...#..#.####
#.###...#.#.#.#### (
#....[..#.(####. ##.
#..######### #.. .. #..#
##..#.# #..# .# ..... ###
##.# .# #.g# ####.####
#.#####.##. #.@#####.......#
#.......##. #.>.........#..#
####.##.##.#
#...####.#...#.##
###.##.##.###...............#
#......(...###..####.#...#..#
#.#....##..###..#
#.#.#.#..###
#.###...........#
#........... #.#
#..........## ####.###..##
#.# #.###..##.## #.##...##


You could see a hobgoblin.


Message History

You start memorising the spell.
You continue memorising. x3
You finish memorising.
Spell assigned to 'b'.
Unknown command.
f - a smoky amethyst potion Unknown command.
Found a stone staircase leading down.
Unknown command.
A kobold comes into view. It is wielding a +0 dagger.
The kobold shouts!
Danger!
The kobold throws a stone.
The stone misses you.
You scratch the kobold. Your bite misses the kobold. The kobold misses you.
You scratch the kobold but do no damage.
The kobold completely misses you.
You closely miss the kobold. You claw the kobold.
You kill the kobold!
No target in view!
Things that are here:
a +0 dagger {short}; 3 stones {throwing} You see here a +0 hunting sling {sling}.
Found a stone staircase leading up.
Unknown command.
A kobold comes into view. It is wielding a +0 short sword.
Danger!
A rat comes into view.
Unknown command.
The kobold shouts!
You hear an angry hiss. x2
The kobold closely misses you.
A ball python comes into view.
You barely miss the kobold. You bite the kobold. You block the kobold's attack.
A giant cockroach comes into view.
Unknown command.
You scratch the kobold.
You kill the kobold!
The rat closely misses you.
You closely miss the rat. The rat barely misses you.
You scratch the rat.
You kill the rat!
You scratch the ball python.
You kill the ball python!
You scratch the giant cockroach but do no damage.
Your bite misses the giant cockroach. You block the giant cockroach's attack.
You scratch the giant cockroach. You block the giant cockroach's attack.
You scratch the giant cockroach.
You kill the giant cockroach!
No target in view!
Things that are here:
a +0 short sword {short}; a kobold corpse You see here a rat corpse.
A ball python comes into view.
Danger!
The ball python hisses angrily.
You scratch the ball python.
You kill the ball python!
No target in view!
You now have 57 gold pieces (gained 10).
You see here a +0 chain mail.
You open the door.
There is an open door here.
A hound comes into view.
Danger!
Unknown command.
There is a stone staircase leading down here.
The hound barks!
You barely miss the hound. The hound closely misses you.
You block the hound's attack.
You closely miss the hound. The hound misses you.
You miss the hound. You block the hound's attack.
You scratch the hound but do no damage. The hound completely misses you.
You block the hound's attack.
You scratch the hound. Your bite misses the hound.
The hound completely misses you.
You scratch the hound but do no damage. The hound closely misses you.
You block the hound's attack.
You scratch the hound. The hound closely misses you.
You scratch the hound. The hound closely misses you. x2
You scratch the hound. The hound closely misses you.
A hobgoblin comes into view. It is wielding a +0 quarterstaff.
You closely miss the hound. The hound closely misses you.
The hobgoblin shouts!
You scratch the hound. Your bite misses the hound. The hound misses you.
The hound bites you.
You scratch the hound but do no damage. The hound misses you.
You closely miss the hound. The hound bites you.
You are too injured to fight recklessly!
You are too injured to fight recklessly!
Unknown command.
You scratch the hound but do no damage. You bite the hound, but do no damage.
The hound closely misses you. x2
You scratch the hound.
You kill the hound!
Your Translocations skill increases to level 5!
You scratch the hobgoblin. You block the hobgoblin's attack.
You scratch the hobgoblin but do no damage.
The hobgoblin closely misses you.
You barely miss the hobgoblin. The hobgoblin completely misses you.
You closely miss the hobgoblin.
The hobgoblin hits you with a +0 quarterstaff!
Ouch! That really hurt!
You die...

Skill      XL: |  1  2  3 |
---------------+----------+-----
Translocations | 5 |  5.2
Fighting       | |  2.7
Dodging        | |  3.2
Unarmed Combat | |  2.7
Spellcasting   | |  2.6

Action                   || total
-------------------------++-------
Melee: Unarmed           ||   120
       Bite              ||    13
       Punch             ||     1
Armor: Skin              ||     8
Dodge: Dodged            ||    84
Block: Other             ||    11

Levels and vault maps discovered:
D:1:      eino_arrival_water_star, layout_loops_cross,
          ebering_ecumenical_altar_sacrificial
D:2:      minmay_spotlight, layout_loops_ring, chequers_serial_rivers_room_a
D:3:      layout_basic, jmf_multi_god_temple2, gup_sewer_entry_spiral,
          minmay_surrounded, uniq_sigmund

Notes
Turn   | Place    | Note
-------+----------+-------------------------------------------
     0 | D:1      | Sobieck the Felid Warper began the quest for the Orb.
     0 | D:1      | Reached XP level 1. HP: 9/9 MP: 4/4
     4 | D:1      | You pick up a book of Cantrips and begin reading...
     4 | D:1      | You add the spells Corona, Animate Skeleton, Summon Small
                  | Mammal and Apportation to your library.
   153 | D:1      | Found a faded altar of an unknown god.
   233 | D:1      | Reached XP level 2. HP: 4/13 MP: 6/6
   441 | D:1      | Learned a level 2 spell: Blink
   502 | D:1      | HP: 3/13 [jackal (2)]
  1713 | D:2      | Reached XP level 3. HP: 16/16 MP: 7/7
  1842 | D:2      | Learned a level 3 spell: Gell's Gravitas
  2120 | D:2      | Reached skill level 5 in Translocations
  2123 | D:2      | Slain by a hobgoblin

Vanquished Creatures
  A hound (D:2)
  A dart slug (D:1)
  A bat (D:1)
  2 endoplasms (D:1)
  2 giant cockroaches
  4 goblins
  4 hobgoblins (D:1)
  3 jackals (D:1)
  4 kobolds
  A quokka (D:1)
  3 ball pythons
  3 frilled lizards
  5 rats
34 creatures vanquished.

Table legend:
 A = Non-vault XP
 B = Vault XP
 C = Vault XP percentage of total XP
 D = Non-vault monster count
 E = Vault monster count
 F = Vault count percentage of total count
                 A         B        C        D         E       F
            +---------+---------+-------+---------+---------+-------
      Total |      91 |       5 |   5.2 |      30 |       4 |  11.8
            +---------+---------+-------+---------+---------+-------
        D:1 |      40 |       0 |   0.0 |      21 |       0 |   0.0
        D:2 |      51 |       5 |   8.9 |       9 |       4 |  30.8
            +---------+---------+-------+---------+---------+-------

Illustrated notes

Table legend:
 A = Kills in this place as a percentage of kills in entire the game.
 B = Kills by you in this place as a percentage of kills by you in the entire game.
 C = Kills by friends in this place as a percentage of kills by friends in the entire game.
 D = Other kills in this place as a percentage of other kills in the entire game.
 E = Experience gained in this place as a percentage of experience gained in the entire game.
 F = Experience gained in this place divided by the number of levels of this place that you have seen.
                   A       B       C       D       E      F
               +-------+-------+-------+-------+-------+----------------------
         Total | 100.0 | 100.0 |   N/A |   N/A | 100.0 |  32.0
       Dungeon | 100.0 | 100.0 |   N/A |   N/A | 100.0 |  32.0
               +-------+-------+-------+-------+-------+----------------------

Table legend: (Time is in decaauts)
 A = Elapsed time spent in this place.
 B = Non-inter-level travel time spent in this place.
 C = Inter-level travel time spent in this place.
 D = Time resting spent in this place.
 E = Time spent auto-exploring this place.
 F = Levels seen in this place.
 G = Mean time per level.
                   A        B        C        D        E       F      G
               +--------+--------+--------+--------+--------+-----+--------+
         Total |   1910 |   1900 |     10 |    809 |    781 |   3 |  636.7 |
       Dungeon |   1910 |   1900 |     10 |    809 |    781 |   3 |  636.7 |
               +--------+--------+--------+--------+--------+-----+--------+

Top non-repeatable levels by time:
     D:1: 1506 daAuts
     D:2: 401 daAuts
     D:3: 1 daAuts
